 Dungeon Crawl Stone Soup version 0.30.0-20-g3615ddf2f0 (webtiles) character file.

Game seed: 13716990112245642400

52 qw the Chopper (level 3, -4/23 HPs)
             Began as a Gargoyle Fighter on June 1, 2023.
             Slain by a gnoll
             ... wielding a +0 halberd
              (10 damage)
             ... on level 1 of the Dungeon.
             The game lasted 00:00:40 (1046 turns).

qw the Chopper (Gargoyle Fighter)                   Turns: 1046, Time: 00:00:41

Health: -4/23      AC: 16    Str: 21    XL:     3   Next: 85%
Magic:  3/3        EV:  5    Int:  8    God:
Gold:   101        SH:  4    Dex:  9    Spells: 2/2 levels left

rFire   . . .        Y - +0 war axe
rCold   . . .        c - +0 buckler
rNeg    + . .        n - +0 plate armour
rPois   inf          l - +0 helmet
rElec   +            (no cloak)
rCorr   .            (no gloves)
SInv    .            m - +0 pair of boots
Will    .....        (no amulet) Stlth
                     (no ring)
HPRegen 0.23/turn    (no ring)
MPRegen 0.08/turn

%: no passive effects
@: no status effects
A: sickness immunity, AC +3, negative energy resistance 1, electricity
resistance, torment resistance 1, petrification resistance
a: no special abilities


You were on level 1 of the Dungeon.
You visited 1 branch of the dungeon, and saw 2 of its levels.

You collected 101 gold pieces.


Innate Abilities, Weirdness & Mutations

You are immune to sickness and miasma.
Your stone body is resilient. (AC +3)
You are immune to poison.
You resist negative energy. (rN+)
You are resistant to electric shocks. (rElec)
You are resistant to unholy torment.
You are immune to petrification.


   Skills:
 - Level 3.2 Fighting
 + Level 3.6 Axes
 - Level 3.2 Armour
 - Level 3.2 Shields


You had 2 spell levels left.
You didn't know any spells.
Your spell library was empty.

Inventory:

Hand Weapons
 g - a +0 whip
 Y - a +0 war axe (weapon)
Armour
 c - a +0 buckler (worn)
 l - a +0 helmet (worn)
 m - a +0 pair of boots (worn)
 n - a +0 plate armour (worn)
Scrolls
 a - a scroll of teleportation
Potions
 d - a potion of might
 j - a potion of flight {unknown}
 k - a potion of invisibility {unknown}
 o - a potion of curing {unknown}

Dungeon Overview and Level Annotations

Branches:
Dungeon (2/15)

Altars:


Message History

You see here 6 poisoned darts.
You see here a +0 club.
There is a stone staircase leading down here.
You climb downwards.
The gnoll shouts! x2
Found a short sword.
Found a stone staircase leading down.
There is a stone staircase leading up here.
There are monsters nearby!
Waypoint 1 assigned to D:2.
You barely miss the gnoll. The gnoll barely misses you. x2
You barely miss the gnoll. You block the gnoll's attack.
The gnoll barely misses you. x2
You closely miss the gnoll. You hit the gnoll. You block the gnoll's attack.
The gnoll hits you but does no damage.
The gnoll hits you from afar with a +0 halberd.
The gnoll completely misses you. The gnoll hits you with a +0 halberd.
The gnoll hits you but does no damage. You block the gnoll's attack.
The gnoll hits you but does no damage.
1042 ||| STAIRDANCE The gnoll hits you with a +0 whip.
The gnoll hits you from afar with a +0 halberd.
The gnoll hits you but does no damage. x2
You climb upwards.
There is a stone staircase leading down here.
Enter note:
Enter note:
Enter note: You completely miss the gnoll.
The gnoll is lightly wounded.
You hit the gnoll but do no damage. The gnoll hits you with a +0 halberd.
You block the gnoll's attack.
You hit the gnoll.
The gnoll is moderately wounded.
You closely miss the gnoll. You block the gnoll's attack.
The gnoll hits you but does no damage.
You hit the gnoll.
The gnoll is almost dead.
You hit the gnoll.
The gnoll hits you but does no damage. x2; The gnoll hits you with a +0 halberd!
You die...

####.### #.... ### #.#####....
####>#### #..........
#...#...########.....
#..###.....# ##.... #######.##
##..#.# ####.
#######........###...#.# #..
#.....#.#####.#.#.#..#.# #..
#.#.....# #.##@##.##.# #..
#.....#######(.g.g..##.# #..
#.....# #...(..........# #..
#.....#
#...##.##.#.#..########..
#.....#
#....#.#..#....##:.......
###.###
#.....#)......%).........
#.#####....###..#....##........
#.##........#........########..
#..........#.#.......# #..


You could see 2 gnolls.

Vanquished Creatures
  A gnoll (D:1)
  A bat (D:1)
  8 endoplasms (D:1)
  3 giant cockroaches (D:1)
  3 goblins (D:1)
  5 hobgoblins (D:1)
  A jackal (D:1)
  2 kobolds (D:1)
  2 quokkas (D:1)
  4 ball pythons (D:1)
  2 frilled lizards (D:1)
  4 rats (D:1)
36 creatures vanquished.

Notes
Turn   | Place    | Note
-------+----------+-------------------------------------------
     0 | D:1      | qw the Gargoyle Fighter began the quest for the Orb.
     0 | D:1      | Reached XP level 1. HP: 14/14 MP: 1/1
     0 | D:1      | 0 ||| qw: Version: 0.2-a-102-gfc559e5
     0 | D:1      | 0 ||| qw: Game counter: 656
     0 | D:1      | 0 ||| qw: Always use a shield: true
     0 | D:1      | 0 ||| qw: God list: Okawaru
     0 | D:1      | 0 ||| qw: Allow faded altars: false
     0 | D:1      | 0 ||| qw: Do Orc after D:15 true
     0 | D:1      | 0 ||| qw: Do second Lair branch before Depths: true
     0 | D:1      | 0 ||| qw: Lair rune preference: random
     0 | D:1      | 0 ||| qw: Plans: Normal, Zot:1-4, Slime:5, God:TSO, Crypt,
                  | Tomb, Pan, Hells, Abyss, Win
     0 | D:1      | 0 ||| PLANNING D:1-11
   103 | D:1      | Reached XP level 2. HP: 19/19 MP: 2/2
   268 | D:1      | Reached skill level 3 in Axes
   288 | D:1      | Reached XP level 3. HP: 21/23 MP: 3/3
   314 | D:1      | 314 ||| Stepping ~*~*~tactically~*~*~ (hiding).
   316 | D:1      | 316 ||| Stepping ~*~*~tactically~*~*~ (hiding).
   669 | D:1      | 669 ||| Stepping ~*~*~tactically~*~*~ (hiding).
   797 | D:1      | 797 ||| Stepping ~*~*~tactically~*~*~ (stealth).
   798 | D:1      | 798 ||| Stepping ~*~*~tactically~*~*~ (stealth).
   958 | D:1      | 958 ||| UPGRADING to +0 helmet.
   963 | D:1      | 963 ||| UPGRADING to +0 pair of boots.
   968 | D:1      | 968 ||| UPGRADING to +0 plate armour.
   978 | D:1      | 978 ||| DROPPING +0 scale mail.
   979 | D:1      | 979 ||| READING 2 scrolls labelled YPHURGHYGUV.
   982 | D:1      | 982 ||| READING scroll labelled LOXIT LYROLA.
   983 | D:1      | 983 ||| READING scroll labelled LULIGI SU GYTH.
   984 | D:1      | 984 ||| READING scroll labelled LULOMOLUOS.
   985 | D:1      | 985 ||| READING scroll labelled GYGOMES QAOPN.
  1042 | D:2      | 1042 ||| STAIRDANCE
  1046 | D:1      | Slain by a gnoll

Levels and vault maps discovered:
D:1:      dpeg_arrival_court, layout_loops_cross, minmay_tall_x
D:2:      layout_basic, shapermc_ecumenical_altar_totnotflames

Skill      XL: |  1  2 |
---------------+-------+-----
Axes           | 2 3 |  3.6
Fighting       | |  3.2
Armour         | |  3.2
Shields        | |  3.2

Action                     || total
---------------------------++-------
  Melee: War axe           ||   117
    Use: Scroll            ||     5
 Armour: Scale mail        ||    59
         Plate armour      ||     8
  Dodge: Dodged            ||    45
  Block: Buckler           ||    23

Table legend:
 A = Non-vault XP
 B = Vault XP
 C = Vault XP percentage of total XP
 D = Non-vault monster count
 E = Vault monster count
 F = Vault count percentage of total count
                 A         B        C        D         E       F
            +---------+---------+-------+---------+---------+-------
      Total |      67 |       8 |  10.7 |      32 |       4 |  11.1
            +---------+---------+-------+---------+---------+-------
        D:1 |      67 |       8 |  10.7 |      32 |       4 |  11.1
            +---------+---------+-------+---------+---------+-------
